 Dungeon Crawl Stone Soup version 0.20.1-1-g8b1a95d (webtiles) character file.

492 drunkard the Chopper (level 7, -4/61 HPs)
             Began as a Hill Orc Berserker on July 23, 2017.
             Was a Priest of Trog.
             Slain by an ogre
             ... wielding a +0 giant club
              (7 damage)
             ... on level 5 of the Dungeon.
             The game lasted 00:36:14 (2457 turns).

drunkard the Chopper (Hill Orc Berserker)           Turns: 2457, Time: 00:36:14

Health: -4/61      AC:  6    Str: 21    XL:     7   Next: 14%
Magic:  7/7        EV: 11    Int:  7    God:    Trog [***...]
Gold:   175        SH:  4    Dex: 11    Spells: 6/6 levels left

rFire    . . .     SeeInvis .   a - +0 hand axe
rCold    . . .     Gourm    .   (no shield)
rNeg     + . .     Faith    .   e - +1 ring mail {rN+}
rPois    .         Spirit   .   (no helmet)
rElec    .         Reflect  +   (no cloak)
rCorr    .         Harm     .   (no gloves)
MR       .....                  (no boots)
Stlth    +.........             d - +4 amulet of reflection
Regen    0.2/turn               (no ring)
MPRegen  0.1/turn               (no ring)

@: no status effects
A: no striking features
a: Berserk, Trog's Hand, Burn Spellbooks, Renounce Religion


You were on level 5 of the Dungeon.
You worshipped Trog.
Trog was most pleased with you.
You were not hungry.

You visited 1 branch of the dungeon, and saw 5 of its levels.

You collected 175 gold pieces.

Inventory:

Hand Weapons
 a - a +0 hand axe (weapon)
 r - a +0 hunting sling
Missiles
 s - 52 stones (quivered)
Armour
 b - a +0 animal skin
 e - a +1 ring mail of positive energy (worn)
 v - a +0 shield
Jewellery
 d - a +4 amulet of reflection (around neck)
Wands
 f - a wand of digging (10/24)
Scrolls
 g - a scroll of blinking {unknown}
 i - a scroll of immolation {unknown}
 l - a scroll of remove curse
 p - a scroll of identify
 t - a scroll of magic mapping {unknown}
Potions
 j - a potion of magic
 k - a potion of flight
 m - a potion of curing
 n - a potion of degeneration
 u - a potion of cancellation
Comestibles
 c - a bread ration
 h - 3 fruits


   Skills:
 + Level 5.2 Fighting
 + Level 7.8 Axes
 + Level 3.5 Armour
 + Level 2.6 Dodging
 + Level 0.6 Stealth
 + Level 0.9 Shields


You had 6 spell levels left.
You didn't know any spells.

Dungeon Overview and Level Annotations

Branches:
Dungeon (5/15)
 Temple: D:4-7

Altars:
Elyvilon
Qazlal
Xom


Message History

The ogre closely misses you.
You hit the ogre.
The ogre is almost dead.
The gnoll hits you from afar with a spear.
The ogre hits you with a giant club!!
* * * LOW HITPOINT WARNING * * *
You feel better. The gnoll closely misses you.
You completely miss the ogre.
The ogre is severely wounded.
The ogre hits you with a giant club!
* * * LOW HITPOINT WARNING * * *
The gnoll hits you but does no damage.
You hit the ogre but do no damage.
The ogre is severely wounded.
The gnoll hits you but does no damage. The ogre closely misses you.
You hit the ogre but do no damage.
The ogre is severely wounded.
You hear a shout!
The gnoll misses you. The ogre hits you with a giant club!
You die...

####### ..#...#
#.#.#.# #.#<#.#
#.###.#
#.###.###
#.#####@......#
#.....O####.#.#
.......g.g##.#.#
.####.#....#...#
#.####.##### #
.# #


You could see an ogre and a gnoll.

Vanquished Creatures
  An ogre (D:4)
  2 howler monkeys (D:4)
  4 orc wizards
  An iguana (D:4)
  Terence (D:3)
  Robin (D:3)
  2 gnolls (D:5)
  6 adders
  An adder skeleton (D:4)
  A worm (D:2)
  A leopard gecko (D:4)
  12 orcs
  3 bats
  4 giant cockroaches
  13 goblins
  7 hobgoblins
  6 quokkas
  2 frilled lizards (D:1)
  5 kobolds
  A leopard gecko skeleton (D:4)
  4 rats
78 creatures vanquished.

Notes
Turn   | Place    | Note
-------+----------+-------------------------------------------
     0 | D:1      | drunkard the Hill Orc Berserker began the quest for the Orb.
     0 | D:1      | Reached XP level 1. HP: 19/19 MP: 1/1
    97 | D:1      | Reached XP level 2. HP: 22/27 MP: 2/2
   408 | D:1      | You fall through a shaft!
   409 | D:2      | Found a stormy altar of Qazlal.
   491 | D:2      | Reached XP level 3. HP: 17/33 MP: 3/3
   628 | D:2      | Found a shimmering altar of Xom.
  1028 | D:3      | Noticed Terence
  1033 | D:3      | Reached ** piety under Trog
  1043 | D:3      | Killed Terence
  1043 | D:3      | Reached skill level 5 in Axes
  1043 | D:3      | Reached XP level 4. HP: 41/41 MP: 4/4
  1067 | D:3      | Noticed Robin
  1205 | D:3      | Killed Robin
  1254 | D:3      | Reached XP level 5. HP: 43/47 MP: 5/5
  1360 | D:3      | Found a faded altar of an unknown god.
  1476 | D:3      | Reached skill level 6 in Axes
  1791 | D:4      | Noticed an ogre
  1805 | D:4      | Killed an ogre
  1805 | D:4      | Reached XP level 6. HP: 35/55 MP: 6/6
  1847 | D:4      | Reached skill level 5 in Fighting
  1965 | D:4      | Found a white marble altar of Elyvilon.
  1981 | D:4      | Reached skill level 7 in Axes
  2287 | D:4      | Reached XP level 7. HP: 45/61 MP: 7/7
  2409 | D:5      | Entered Level 5 of the Dungeon
  2448 | D:5      | Reached *** piety under Trog
  2455 | D:5      | HP: 2/61 [ogre/giant club (14)]
  2457 | D:5      | Slain by an ogre

Skill      XL: |  1  2  3  4  5  6 |
---------------+-------------------+-----
Fighting       | 4 5 |  5.2
Dodging        | 2 |  2.6
Axes           | 5 6 7 |  7.8
Armour         | 3 |  3.5
Stealth        | |  0.6
Shields        | |  0.9

Action                   |  1- 3 |  4- 6 |  7- 9 || total
-------------------------+-------+-------+-------++-------
Melee: Hand axe          |   108 |   182 |    36 ||   326
Invok: Berserk           |     1 |     3 |       ||     4
       Trog's Hand       |       |     1 |       ||     1
  Use: Potion            |     5 |     2 |     1 ||     8
       Scroll            |     2 |     7 |     1 ||    10
 Stab: Sleeping          |     2 |       |       ||     2
       Distracted        |       |     1 |       ||     1
  Eat: Fruit             |     1 |       |       ||     1
       Bread ration      |       |     2 |       ||     2
Armor: Animal skin       |    13 |       |       ||    13
       Ring mail         |    17 |    59 |     8 ||    84
Dodge: Dodged            |    63 |    66 |    22 ||   151
Block: Other             |     1 |    28 |     8 ||    37
